Workbook

Sheet Listado de Activida
A1: ITEM | B1: UM | C1: CANTIDAD | D1: DESCRIPCIÓN | E1: Precio Unit | F1: Precio Total
A2: SUBPROYECTO A1 (OPCION A)
A3: 01 | D3: DEFENSAS RIBEREÑAS
A4: 01.01 | D4: OBRAS PRELIMINARES
A5: 01.01.01 | B5: und | C5: 1 | D5: CARTEL DE IDENTIFICACIÓN OBRA 4.80 x 3.60 m.
A6: 01.01.02 | B6: glb | C6: 1 | D6: INSTALACIONES PROVISIONALES PARA LA OBRA
A7: 01.01.03 | B7: mes | C7: 6.5 | D7: MANTENIMIENTO DE TRÁNSITO Y SEGURIDAD VIAL
A8: 01.02 | D8: TRABAJOS PRELIMINARES
A9: 01.02.01 | B9: glb | C9: 1 | D9: MOVILIZACION Y DESMOVILIZACION DE EQUIPOS
A10: 01.02.02 | B10: mes | C10: 5.77 | D10: TOPOGRAFÍA Y GEOREFERENCIACIÓN
A11: 01.03 | D11: DIQUES DE TIERRA COMPACTADA CON ENROCADO
A12: 01.03.01 | D12: DIQUE DE TIERRA COMPACTADA A1-D-01
A13: 01.03.01.01 | B13: m3 | C13: 9732.59 | D13: COLOCACION Y ACOMODO DE ROCA EN UÑA DE DIQUE
A14: 01.03.01.02 | B14: m3 | C14: 6302.55 | D14: COLOCACION Y ACOMODO DE ROCA EN TALUD DE DIQUE
A15: 01.03.02 | D15: DIQUE DE TIERRA COMPACTADA A1-I-01
A16: 01.03.02.01 | B16: m3 | C16: 2987.11 | D16: CONFORMACIÓN DE MATERIAL GRANULAR EN CORONA DE DIQUE
A17: 01.03.02.02 | B17: m3 | C17: 10578.95 | D17: COLOCACION Y ACOMODO DE ROCA EN UÑA DE DIQUE
A18: 01.03.02.03 | B18: m3 | C18: 7088.07 | D18: COLOCACION Y ACOMODO DE ROCA EN TALUD DE DIQUE
A19: 01.03.03 | D19: DIQUE DE TIERRA COMPACTADA A1-D-02
A20: 01.03.03.01 | B20: m3 | C20: 234.1 | D20: CONFORMACIÓN DE MATERIAL GRANULAR EN CORONA DE DIQUE
A21: 01.03.03.02 | B21: m3 | C21: 1338 | D21: COLOCACION Y ACOMODO DE ROCA EN UÑA DE DIQUE
A22: 01.03.03.03 | B22: m3 | C22: 957.34 | D22: COLOCACION Y ACOMODO DE ROCA EN TALUD DE DIQUE
A23: 01.03.04 | D23: DIQUE DE TIERRA COMPACTADA A1-I-02
A24: 01.03.04.01 | B24: m3 | C24: 228.24 | D24: CONFORMACIÓN DE MATERIAL GRANULAR EN CORONA DE DIQUE
A25: 01.03.04.02 | B25: m3 | C25: 1337.24 | D25: COLOCACION Y ACOMODO DE ROCA EN UÑA DE DIQUE
A26: 01.03.04.03 | B26: m3 | C26: 960.14 | D26: COLOCACION Y ACOMODO DE ROCA EN TALUD DE DIQUE
A27: 02.01.02 | D27: OBRAS DE ARTE (REBOSES)
A28: 02.01.02 | D28: ESTRUCTURA DE REBOSE
A29: 02.01.02 | D29: OBRAS DE CONCRETO
A30: 02.01.02.01 | B30: m3 | C30: =+'[1]Estructura de rebose'!$N$88 -> 8.719 | D30: CONCRETO F'C=100 Kg/cm2
A31: 02.01.02.02 | B31: m3 | C31: =+'[1]Estructura de rebose'!$N$109 -> 71.73 | D31: CONCRETO F'C=280 Kg/cm2
A32: 02.01.02.03 | B32: m2 | C32: =+'[1]Estructura de rebose'!$P$178 -> 335.0388 | D32: ENCOFRADO Y DESENCOFRADO RECTO
A33: 02.01.02.04 | B33: kg | C33: =+'[1]Estructura de rebose'!$M$352 -> 5897.718 | D33: ACERO DE REFUERZO Fy=4200 Kg/cm2
A34: 02.01.03 | D34: TUBERÍAS
A35: 02.01.03.01 | B35: m | C35: =+'[1]Estructura de rebose'!$N$362 -> 23.9 | D35: SUMINISTRO E INSTALACIÓN DE TUBERÍA HDPE DN800 mm
A36: 02.01.03.02 | B36: m | C36: =+'[1]Estructura de rebose'!$N$363 -> 77.94 | D36: SUMINISTRO E INSTALACIÓN DE TUBERÍA HDPE DN1000 mm
A37: 05. | D37: INTERFERENCIAS
A38: 05.01 | D38: CANAL A REPONER DE SECCIÓN RECTANGULAR
A39: 05.01.02 | D39: OBRAS DE CONCRETO
A40: 05.01.02.01 | B40: m2 | C40: =+'[2]Reposición de canales'!$E9 -> 1428.804 | D40: ENCOFRADO Y DESENCOFRADO RECTO
A41: 05.01.02.02 | B41: kg | C41: =+'[2]Reposición de canales'!$E10 -> 10668.179 | D41: ACERO DE REFUERZO Fy=4200 Kg/cm2
A42: 05.01.02.03 | B42: m3 | C42: =+'[2]Reposición de canales'!$E11 -> 25.6452 | D42: CONCRETO F'C=100 Kg/cm2
A43: 05.01.02.04 | B43: m3 | C43: =+'[2]Reposición de canales'!$E12 -> 175.8528 | D43: CONCRETO F'C=280 Kg/cm2
A44: 05.01.02.05 | B44: m | C44: =+'[2]Reposición de canales'!$E13 -> 109.2 | D44: SELLO DE JUNTAS CON WATER STOP 6"
A45: 05.02 | D45: CANAL A REPONER DE SECCION TRAPEZOIDAL
A46: 05.02.02 | D46: OBRAS DE CONCRETO
A47: 05.02.02.01 | B47: m2 | C47: =+'[2]Reposición de canales'!$E21 -> 625.847 | D47: ENCOFRADO Y DESENCOFRADO RECTO
A48: 05.02.02.02 | B48: m2 | C48: =+'[2]Reposición de canales'!$E22 -> 36.738 | D48: ENCOFRADO Y DESENCOFRADO CERCHAS DE MADERA
A49: 05.02.02.03 | B49: m3 | C49: =+'[2]Reposición de canales'!$E23 -> 116.7625 | D49: CONCRETO F'C=280 Kg/cm2
A50: 05.02.02.04 | B50: m | C50: =+'[2]Reposición de canales'!$E24 -> 411.84 | D50: SELLO DE JUNTAS CON MATERIAL ELASTOMÉRICO
A51: 05.03 | D51: AFECTACIÓN A ESTRUCTURAS PRIVADAS
A52: 05.03.01 | D52: MOVIMIENTO DE TIERRAS
A53: 05.03.01.01 | B53: m2 | C53: 561.93 | D53: DEMOLICION DE ESTRUCTURAS EXISTENTES
A54: 05.03.01.02 | B54: m3 | C54: 758.6055 | D54: ELIMINACIÓN DE PRODUCTOS DE DEMOLICIÓN DE OBRAS DE CONCRETO
A55: 05.03.02 | D55: REPOSICIÓN DE TUBERÍAS DE PASO
A56: 05.03.02.01 | B56: m | C56: 50 | D56: REPOSICIÓN DE TUBERÍAS DE HDPE DE 4"
A57: 05.03.02.02 | B57: m | C57: 25 | D57: REPOSICIÓN DE TUBERÍAS DE HDPE DE 6"
A58: 05.03.02.03 | B58: m | C58: 50 | D58: REPOSICIÓN DE TUBERÍAS DE HDPE DE 8"
A59: 05.04 | D59: REUBICACIÓN DE INTERFERENCIAS
A60: 05.04.02 | B60: m3 | C60: 1.5 | D60: DEMOLICIÓN DE INTERFERENCIAS SIMA
A61: 05.04.03 | B61: m3 | C61: =+C60*1.35 -> 2.025 | D61: ELIMINACIÓN DE INTERFERENCIAS SIMA
A62: 07 | D62: SEGURIDAD Y SALUD OCUPACIONAL
A63: 07.01 | B63: glb | C63: 1 | D63: SEGURIDAD Y SALUD OCUPACIONAL
A64: 07.02 | B64: glb | C64: 1 | D64: IMPLEMENTACIÓN DEL PLAN PARA LA VIGILANCIA, PREVENCIÓN Y CONTROL DE COVID-19 EN EL TRABAJO
A65: SUBPROYECTO A1 (OPCION B)
A66: 01.03 | D66: MEJORAMIENTO DE VÍAS EXISTENTES
A67: 01.03.01 | B67: km | C67: 0.73 | D67: REHABILITACIÓN DE VIAS EXISTENTES
A68: 01.04 | D68: DESCOLMATACIÓN DE CAUCE
A69: 01.04.01 | B69: m2 | C69: 217956.58 | D69: DESBROCE Y LIMPIEZA EN ZONA NO BOSCOSA
A70: 01.04.02 | B70: m3 | C70: 80356.22 | D70: DESCOLMATACIÓN DE CAUCE NATURAL DEL RÍO LACRAMARCA
A71: 01.04.03 | B71: m3 | C71: 17075.48 | D71: CONFORMACIÓN DE DESVIO EN CAUCE DE RÍO
A72: 01.05 | D72: DIQUES DE TIERRA COMPACTADA CON ENROCADO
A73: 01.05.01 | D73: DIQUE DE TIERRA COMPACTADA A1-D-01
A74: 01.05.01.01 | B74: m3 | C74: 108351.08 | D74: EXCAVACIÓN EN TERRENO NATURAL CON EQUIPO
A75: 01.05.01.02 | B75: m3 | C75: 9732.59 | D75: EXCAVACIÓN DE UÑA CON EQUIPO
A76: 01.05.01.03 | B76: m2 | C76: 43873.84 | D76: PERFILADO Y COMPACTACIÓN EN ZONA DE CORTE
A77: 01.05.01.04 | B77: m3 | C77: 16655.18 | D77: Pedraplén e=60 cm
A78: 01.05.01.05 | B78: m3 | C78: 5981.26 | D78: Pedraplén e=30 cm
A79: 01.05.01.06 | B79: m3 | C79: 23733.99 | D79: CONFORMACIÓN DE CUERPO DE DIQUE CON MATERIAL DE PRÉSTAMO
A80: 01.05.01.07 | B80: m3 | C80: 4883.95 | D80: CONFORMACIÓN DE RELLENO NO ESTRUCTURAL CON MATERIAL PROPIO
A81: 01.05.01.08 | B81: m3 | C81: 2780.02 | D81: CONFORMACIÓN DE MATERIAL GRANULAR EN CORONA DE DIQUE
A82: 01.05.01.09 | B82: m2 | C82: 65958.21 | D82: GEOTEXTIL NO TEJIDO 400 G/M2, INC. COLOCACIÓN
A83: 01.05.02 | D83: DIQUE DE TIERRA COMPACTADA A1-I-01
A84: 01.05.02.01 | B84: m3 | C84: 134413.73 | D84: EXCAVACIÓN EN TERRENO NATURAL CON EQUIPO
A85: 01.05.02.02 | B85: m3 | C85: 10584.23 | D85: EXCAVACIÓN DE UÑA CON EQUIPO
A86: 01.05.02.03 | B86: m2 | C86: 53533.71 | D86: PERFILADO Y COMPACTACIÓN EN ZONA DE CORTE
A87: 01.05.02.04 | B87: m3 | C87: 17323.68 | D87: Pedraplén e=60 cm
A88: 01.05.02.05 | B88: m3 | C88: 6330.53 | D88: Pedraplén e=30 cm
A89: 01.05.02.06 | B89: m3 | C89: 24298.28 | D89: CONFORMACIÓN DE CUERPO DE DIQUE CON MATERIAL DE PRÉSTAMO
A90: 01.05.02.07 | B90: m3 | C90: 8338.68 | D90: CONFORMACIÓN DE RELLENO NO ESTRUCTURAL CON MATERIAL PROPIO
A91: 01.05.02.09 | B91: m2 | C91: 71497.14 | D91: GEOTEXTIL NO TEJIDO 400 G/M2, INC. COLOCACIÓN
A92: 01.05.03 | D92: DIQUE DE TIERRA COMPACTADA A1-D-02
A93: 01.05.03.01 | B93: m3 | C93: 18423.74 | D93: EXCAVACIÓN EN TERRENO NATURAL CON EQUIPO
A94: 01.05.03.02 | B94: m3 | C94: 1337.58 | D94: EXCAVACIÓN DE UÑA CON EQUIPO
A95: 01.05.03.03 | B95: m2 | C95: 5857.69 | D95: PERFILADO Y COMPACTACIÓN EN ZONA DE CORTE
A96: 01.05.03.04 | B96: m3 | C96: 4242.24 | D96: Pedraplén e=60 cm
A97: 01.05.03.05 | B97: m3 | C97: 761.11 | D97: Pedraplén e=30 cm
A98: 01.05.03.06 | B98: m3 | C98: 4807.3 | D98: CONFORMACIÓN DE CUERPO DE DIQUE CON MATERIAL DE PRÉSTAMO
A99: 01.05.03.07 | B99: m3 | C99: 2032.16 | D99: CONFORMACIÓN DE RELLENO NO ESTRUCTURAL CON MATERIAL PROPIO
A100: 01.05.03.09 | B100: m2 | C100: 8669.14 | D100: GEOTEXTIL NO TEJIDO 400 G/M2, INC. COLOCACIÓN
...

Sheet Prelim
E4: PLANILLA DE CANTIDADES
E8: PROYECTO | H8: DEFENSAS RIBEREÑAS DEL RÍO LACRAMARCA
E9: SUBPROYECTO | H9: A1
E10: UBICACIÓN | H10: Río Lacramarca | O10: Fecha
E12: Partida: | G12: 01.01 | J12: OBRAS PRELIMINARES
E13: Partida: | G13: 01.01.01 | J13: CARTEL DE IDENTIFICACIÓN OBRA 4.80 x 3.60 m.
J15: Unid. | L15: METRADO
J16: Und | L16: 1
J17: Total | L17: =+L16 -> 1
E19: Partida: | G19: 01.01.02 | J19: INSTALACIONES PROVISIONALES PARA LA OBRA
J21: Unid. | L21: METRADO
J22: glb | L22: 1
J23: Total | L23: =+L22 -> 1
E25: Partida: | G25: 01.01.03 | J25: MANTENIMIENTO DE TRÁNSITO Y SEGURIDAD VIAL
J27: Unid. | L27: METRADO
J28: mes | L28: 2
J29: Total | L29: =+L28 -> 2
E32: Partida: | G32: 01.02 | J32: TRABAJOS PRELIMINARES
E33: Partida: | G33: 01.02.01 | J33: MOVILIZACIÓN Y DESMOVILIZACIÓN DE EQUIPOS
J36: Unid. | L36: METRADO
J37: glb | L37: 1
J38: Total | L38: =+L37 -> 1
E41: Partida: | G41: 01.02.02 | J41: TOPOGRAFÍA Y GEORREFERENCIACIÓN
J43: Unid. | L43: METRADO
J44: Mes | L44: 2
J45: Total | L45: =+L44 -> 2

Sheet Transporte
E4: PLANILLA DE CANTIDADES
E8: PROYECTO | H8: DEFENSAS RIBEREÑAS DEL RÍO LACRAMARCA
E9: SUBPROYECTO | H9: A1
E10: UBICACIÓN | H10: RÍO LACRAMARCA | O10: Fecha
E12: Partida: | G12: 03 | I12: TRANSPORTE DE MATERIAL
E13: Partida: | G13: 03.01 | I13: Transporte de material granular para distancias < 1km
E15: Cantera: Principe
G16: Descripción | P16: Volumen (m3)
G17: CONFORMACIÓN DEL CUERPO DE DIQUE A1-D-01 | P17: =+'Listado de Activida'!C79 -> 23733.99
G18: CONFORMACIÓN DEL CUERPO DE DIQUE A1-I-01 | P18: =+'Listado de Activida'!C89 -> 24298.28
G19: CONFORMACIÓN DEL CUERPO DE DIQUE A1-D-02 | P19: =+'Listado de Activida'!C98 -> 4807.3
G20: CONFORMACIÓN DEL CUERPO DE DIQUE A1-I-02 | P20: =+'Listado de Activida'!C107 -> 4853.15
G21: CONFORMACIÓN MAT.GRANULAR CORONA DE DIQUE A1-D-01 | P21: =+'Listado de Activida'!C81 -> 2780.02
G22: CONFORMACIÓN MAT.GRANULAR CORONA DE DIQUE A1-I-01 | P22: =+'Listado de Activida'!C16 -> 2987.11
G23: CONFORMACIÓN MAT.GRANULAR CORONA DE DIQUE A1-D-02 | P23: =+'Listado de Activida'!C20 -> 234.1
G24: CONFORMACIÓN MAT.GRANULAR CORONA DE DIQUE A1-I-02 | P24: =+'Listado de Activida'!C24 -> 228.24
G25: CONFORMACIÓN DE CUERPO DE RAMPA | P25: 857.85
G26: CONF. MAT. GRANULAR CORONA RAMPA | P26: 329.99
G27: OTRAS INFRAESTRUCTURAS | P27: 677.81
G28: DIQUE NATURALIZADO | P28: 34873.553
G29: DIQUE NATURALIZADO CORONACIÓN | P29: 7115.87
G30: GRAVAS (#16 Y 6) DIQUE A1-D-01 | P30: =+'Listado de Activida'!C77+'Listado de Activida'!C78 -> 22636.44
G31: GRAVAS (#16 Y 6) DIQUE A1-I-01 | P31: =+'Listado de Activida'!C87+'Listado de Activida'!C88 -> 23654.21
G32: GRAVAS (#16 Y 6) DIQUE A1-D-02 | P32: =+'Listado de Activida'!C96+'Listado de Activida'!C97 -> 5003.35
G33: GRAVAS (#16 Y 6) DIQUE A1-I-02 | P33: =+'Listado de Activida'!C105+'Listado de Activida'!C106 -> 5361.82
G34: Total | P34: =SUM(P17:R33) -> 164433.08
F36: Volumen (m3) | I36: m3 x km
F37: =+P34 -> 164433.08 | I37: 146813.76
F38: Total | I38: =+I37 -> 146813.76
E56: Partida: | G56: 03.02 | I56: Transporte de material granular para distancias > 1km
E58: Cantera: Principe
G59: Descripción | P59: Volumen (m3)
G60: CONFORMACIÓN DEL CUERPO DE DIQUE A2-D-01 | P60: =+P17 -> 23733.99
G61: =+G18 -> CONFORMACIÓN DEL CUERPO DE DIQUE A1-I-01 | P61: =+P18 -> 24298.28
G62: =+G19 -> CONFORMACIÓN DEL CUERPO DE DIQUE A1-D-02 | P62: =+P19 -> 4807.3
G63: =+G20 -> CONFORMACIÓN DEL CUERPO DE DIQUE A1-I-02 | P63: =+P20 -> 4853.15
G64: =+G21 -> CONFORMACIÓN MAT.GRANULAR CORONA DE DIQUE A1-D-01 | P64: =+P21 -> 2780.02
G65: =+G22 -> CONFORMACIÓN MAT.GRANULAR CORONA DE DIQUE A1-I-01 | P65: =+P22 -> 2987.11
G66: =+G23 -> CONFORMACIÓN MAT.GRANULAR CORONA DE DIQUE A1-D-02 | P66: =+P23 -> 234.1
G67: =+G24 -> CONFORMACIÓN MAT.GRANULAR CORONA DE DIQUE A1-I-02 | P67: =+P24 -> 228.24
G68: =+G25 -> CONFORMACIÓN DE CUERPO DE RAMPA | P68: =+P25 -> 857.85
G69: =+G26 -> CONF. MAT. GRANULAR CORONA RAMPA | P69: =+P26 -> 329.99
G70: =+G27 -> OTRAS INFRAESTRUCTURAS | P70: =+P27 -> 677.81
G71: =+G28 -> DIQUE NATURALIZADO | P71: =+P28 -> 34873.553
G72: =+G29 -> DIQUE NATURALIZADO CORONACIÓN | P72: =+P29 -> 7115.87
... G76: =+G33 -> GRAVAS (#16 Y 6) DIQUE A1-I-02 | P76: =+P33 -> 5361.82
G77: Total | P77: =SUM(P60:R76) -> 164433.08
F79: Volumen (m3) | I79: m3 x km
F80: =+P77 -> 164433.08 | I80: 2878052.8
E83: Partida: | G83: 03.03 | I83: Transporte de roca para distancias <1 km
E85: Cantera: Astilleros
G86: Descripción | P86: Volumen (m3)
G87: Colocación y acomodo de enrocado en uña A1-D-01 | P87: =+'Listado de Activida'!C13 -> 9732.59
G88: Colocación y acomodo de enrocado en talud A1-D-01 | P88: =+'Listado de Activida'!C14 -> 6302.55
G89: Colocación y acomodo de enrocado en uña A1-D-02 | P89: =+'Listado de Activida'!C21 -> 1338
G90: Colocación y acomodo de enrocado en talud A1-D-02 | P90: =+'Listado de Activida'!C22 -> 957.34
G91: Colocación y acomodo de enrocado en uña A1-I-01 | P91: =+'Listado de Activida'!C17 -> 10578.95
G92: Colocación y acomodo de enrocado en talud A1-I-01 | P92: =+'Listado de Activida'!C18 -> 7088.07
G93: Colocación y acomodo de enrocado en uña A1-I-02 | P93: =+'Listado de Activida'!C25 -> 1337.24
G94: Colocación y acomodo de enrocado en talud A1-I-02 | P94: =+'Listado de Activida'!C26 -> 960.14
G95: Total | P95: =SUM(P87:R94) -> 38294.88
F97: Volumen (m3) | I97: m3 x km
F98: =+ROUND(P95,2) -> 38294.88 | I98: 33687.54
E100: Partida: | G100: 03.04 | I100: Transporte de roca para distancias >1 km
E102: Cantera: Astilleros
G104: Descripción | P104: Volumen (m3)
G105: =+G87 -> Colocación y acomodo de enrocado en uña A1-D-01 | P105: =+P87 -> 9732.59
G106: =+G88 -> Colocación y acomodo de enrocado en talud A1-D-01 | P106: =+P88 -> 6302.55
G107: =+G89 -> Colocación y acomodo de enrocado en uña A1-D-02 | P107: =+P89 -> 1338
G108: =+G90 -> Colocación y acomodo de enrocado en talud A1-D-02 | P108: =+P90 -> 957.34
G109: =+G91 -> Colocación y acomodo de enrocado en uña A1-I-01 | P109: =+P91 -> 10578.95
G110: =+G92 -> Colocación y acomodo de enrocado en talud A1-I-01 | P110: =+P92 -> 7088.07
G111: =+G93 -> Colocación y acomodo de enrocado en uña A1-I-02 | P111: =+P93 -> 1337.24
G112: =+G94 -> Colocación y acomodo de enrocado en talud A1-I-02 | P112: =+P94 -> 960.14
G113: Total | P113: =SUM(P105:R112) -> 38294.88
F115: Volumen (m3) | I115: m3 x km
F116: =+P113 -> 38294.88 | I116: 436631.73
E119: Partida: | G119: 03.05 | I119: Transporte de material excedente para distancias <1 km
E121: Descripción | P121: Volumen (m3)
E122: Balance de materiales | G122: Volumen no aprovechable A1-D-01 | P122: 71077.346
G123: Volumen no aprovechable A1-I-01 | P123: 98570.597
G124: Volumen no aprovechable A1-D-02 | P124: 5113.9727
G125: Volumen no aprovechable A1-I-02 | P125: 16509.05
G126: Volumen no aprovechable descolmatación | P126: 224565.51
G127: Volumen no aprovechable diques naturalizados | P127: 25969.291
G128: Volumen no aprovechable rampa | P128: 599.58
G129: Volumen no aprovechable otras infraestructuras | P129: 2697.12
G130: Relleno No Estructural | P130: =+-17613.8245 -> -17613.824
E131: Total | P131: =SUM(P122:R130) -> 427488.64
F134: DME | I134: Volumen (m3) | L134: m3 x km
F135: DME M3 | I135: =+P131 -> 427488.64 | L135: 352543.42
F136: TOTAL | I136: =SUM(I135:K135) -> 427488.64 | L136: =+SUM(L135:N135) -> 352543.42
E144: Partida: | G144: 03.06 | I144: Transporte de material excedente para distancias >1 km
E146: Descripción | P146: Volumen (m3)
E147: Balance de materiales | G147: =+G122 -> Volumen no aprovechable A1-D-01 | P147: =+P122 -> 71077.346
G148: =+G123 -> Volumen no aprovechable A1-I-01 | P148: =+P123 -> 98570.597
G149: =+G124 -> Volumen no aprovechable A1-D-02 | P149: =+P124 -> 5113.9727
G150: =+G125 -> Volumen no aprovechable A1-I-02 | P150: =+P125 -> 16509.05
G151: =+G126 -> Volumen no aprovechable descolmatación | P151: =+P126 -> 224565.51
G152: =+G127 -> Volumen no aprovechable diques naturalizados | P152: =+P127 -> 25969.291
...
